 Dungeon Crawl Stone Soup version 0.26.1-11-gd32895ea62 (webtiles) character file.

Game seed: 18267822231805776343

466 Zeld the Chucker (level 7, -4/43 (46) HPs)
             Began as an Octopode Fighter on May 10, 2021.
             Slain by Edmund
             ... wielding a +3 dire flail of draining
              (11 damage)
             ... on level 5 of the Dungeon.
             The game lasted 00:07:40 (3385 turns).

Zeld the Chucker (Octopode Fighter)                 Turns: 3385, Time: 00:07:40

HP:   -4/43 (46)    AC:  1    Str: 17    XL:     7   Next: 8%
MP:   7/7           EV: 11    Int: 11    God:
Gold: 104           SH:  9    Dex: 11    Spells: 6/6 levels left

rFire    . . .     SeeInvis .   a - +1 war axe (vamp)
rCold    . . .     Faith    .   b - +0 kite shield
rNeg     . . .     Spirit   .   (helmet restricted)
rPois    .         Reflect  .   (no amulet)
rElec    .         Harm     .   (no ring)
rCorr    .         Rampage  .   (no ring)
Will     .....                  (no ring)
Stlth    ++........             (no ring)
HPRegen  0.14/turn              (no ring)
MPRegen  0.10/turn              (no ring)
                                (no ring)
                                (no ring)

@: drained
A: almost no armour, stealthy swim, amphibious, 8 rings, constrict 8, camouflage
1, gelatinous body 1
a: no special abilities


You were on level 5 of the Dungeon.
You visited 1 branch of the dungeon, and saw 5 of its levels.

You collected 104 gold pieces.

Inventory:

Hand Weapons
 a - a +1 vampiric war axe (weapon)
Missiles
 r - 27 poisoned darts (quivered)
 v - 3 silver javelins
Armour
 b - a +0 kite shield (worn)
Jewellery
 y - a cursed ring of teleportation {unknown}
Wands
 q - a wand of flame (15)
 t - a wand of polymorph (6)
Scrolls
 d - 5 scrolls of remove curse
 f - 2 scrolls of teleportation
 j - 2 scrolls of identify
 k - a scroll of enchant armour
 l - 2 scrolls of magic mapping
 o - a scroll of blinking {unknown}
 p - a scroll of enchant weapon {unknown}
 s - a scroll of fear {unknown}
 u - a scroll of random uselessness {unknown}
 x - a scroll of fog {unknown}
 z - a scroll of amnesia {unknown}
Potions
 c - 3 potions of might
 e - 3 potions of invisibility {unknown}
 g - a potion of berserk rage {unknown}
 h - 3 potions of haste
 i - a potion of degeneration {unknown}
 m - 3 potions of curing {unknown}
 n - 3 potions of heal wounds {unknown}
 w - 2 potions of brilliance {unknown}


   Skills:
 - Level 3.6 Fighting
 - Level 2.9 Axes
 * Level 5.9 Throwing
 - Level 3.0 Dodging
 - Level 3.6 Shields


You had 6 spell levels left.
You didn't know any spells.
Your spell library was empty.

Dungeon Overview and Level Annotations

Branches:
Dungeon (5/15)
 Temple: D:4-7

Altars:
Trog

Annotations:
D:3 1 runed translucent door, 3t5h's ghost, amateur DrTm
D:4 Pikel
D:5 Edmund


Innate Abilities, Weirdness & Mutations

You cannot wear most types of armour.
You are very stealthy in the water. (Stealth+)
You are amphibious.
You can wear up to eight rings at the same time.
You can use your tentacles to constrict eight enemies at once.
Your skin changes colour to match your surroundings (Stealth+).
Your rubbery body absorbs attacks. (AC +1, EV +1)


Message History

Found three items.
Found 16 gold pieces.
Found a yellow potion.
Edmund the Younger comes into view.
He is wielding a +3 dire flail of draining and wearing a +2 scale mail of positive energy.
Edmund shouts!
Edmund drinks a potion.
Edmund seems to speed up.
An ice beast comes into view.
Found a spear.
Edmund hits you with a +3 dire flail of draining.
You feel drained. Edmund completely misses you. You block Edmund's attack.
The ice beast hits you. The ice beast freezes you!
* * * LOW HITPOINT WARNING * * *
Found 2 glowing yellow potions.
Found a stone staircase leading down.
Edmund hits you with a +3 dire flail of draining.
* * * LOW HITPOINT WARNING * * *
You feel drained.
Edmund hits you with a +3 dire flail of draining!
You die...

,,,,,,,,,,,,!..................#*
,,,,,,,,,..**#....##......#...##,
,,,,,,,,,..###............#..##,,
,,,,,,,,,.............########,,,
,,,,***,,.............#_,,,,,,,,,
,,,,* *,,........Y##..##*,,,,,,8,
*,,,***,,...............#**,,,,,,
*,***,,,,.......@.........#**,,,,
*+*≈**,**##.....@.......###,,,,,,
,,,_**,***#...........###,,,,,,8,
*****,,*,........#...##_,,,,,,,,,
*,,,,,,*,........#...#********,,,
*,,,,,,,,....>...#...# *,,,**,,
*,,,,**,*#.......##### *,,,,**,
****,,,,*#.......# *,,,,,** *
**,,,,........# *,,,,,**
*,****,,,,,,,* *****,*,


You could see Edmund (fast) and an ice beast.

Vanquished Creatures
  Grinder (D:3)
  A lemure (D:4)
  A hound (D:4)
  An orc wizard (D:4)
  Ijyb (D:3)
  An iguana (D:4)
  2 worker ants (D:4)
  A hound skeleton (D:4)
  A gnoll (D:1)
  2 adders
  3 worms
  4 dart slugs
  6 orcs
  5 giant cockroaches
  3 goblins
  5 hobgoblins
  A quokka (D:2)
  3 ball pythons (D:3)
  6 bats
  8 frilled lizards
  5 kobolds
  6 rats (D:1)
67 creatures vanquished.

Notes
Turn   | Place    | Note
-------+----------+-------------------------------------------
     0 | D:1      | Zeld the Octopode Fighter began the quest for the Orb.
     0 | D:1      | Reached XP level 1. HP: 16/16 MP: 1/1
   375 | D:1      | Reached XP level 2. HP: 21/21 MP: 2/2
   730 | D:1      | Reached XP level 3. HP: 26/26 MP: 3/3
  1342 | D:2      | Reached XP level 4. HP: 32/32 MP: 4/4
  1675 | D:3      | Found a bloodstained altar of Trog.
  1710 | D:3      | Noticed Grinder
  1744 | D:3      | Killed Grinder
  1745 | D:3      | Reached skill level 4 in Throwing
  1745 | D:3      | Reached XP level 5. HP: 10/36 MP: 5/5
  1745 | D:3      | Reached XP level 6. HP: 12/42 MP: 6/6
  1986 | D:3      | Noticed Ijyb
  2032 | D:3      | Killed Ijyb
  2366 | D:3      | Found a runed translucent door.
  2367 | D:3      | Noticed 3t5h's ghost (amateur DrTm)
  2711 | D:4      | Reached skill level 5 in Throwing
  3191 | D:4      | Reached XP level 7. HP: 46/46 MP: 7/7
  3320 | D:4      | Noticed Pikel
  3348 | D:5      | Entered Level 5 of the Dungeon
  3375 | D:5      | Noticed Edmund
  3385 | D:5      | Slain by Edmund

Illustrated notes

Levels and vault maps discovered:
D:1:      zaba_arrival_water, layout_loops_cross
D:2:      layout_loops_ring
D:3:      layout_basic, bloody_trog, gammafunk_ghost_grave, feat_on_display,
          uniq_ijyb, uniq_grinder
D:4:      wad_pebble_path, layout_loops_cross,
          nicolae_gozag_cash_rules_everything_around_me, uniq_pikel
D:5:      layout_basic, gammafunk_temple_overflow_elements,
          minmay_overflow_temple_star_hex, gup_ossuary_entry_pyramid,
          st_stairs_12, ldierk_geyser, kennysheep_slug_shrine, uniq_edmund

Skill      XL: |  1  2  3  4  5  6 |
---------------+-------------------+-----
Throwing       | 4 5 |  5.9
Fighting       | |  3.6
Axes           | |  2.9
Dodging        | |  3.0
Shields        | |  3.6

Action                   |  1- 3 |  4- 6 |  7- 9 || total
-------------------------+-------+-------+-------++-------
Melee: War axe           |    59 |    65 |     8 ||   132
       Constrict         |    19 |    18 |     3 ||    40
       Tentacles         |     9 |     8 |     4 ||    21
       Unarmed           |       |     6 |       ||     6
  Use: Potion            |       |     1 |       ||     1
       Scroll            |       |       |     5 ||     5
 Stab: Sleeping          |     4 |     4 |       ||     8
Armor: Skin              |    10 |     4 |       ||    14
Dodge: Dodged            |    27 |    22 |     6 ||    55
Block: Kite shield       |    23 |    28 |    11 ||    62
